 Dungeon Crawl Stone Soup version 0.21-a0-216-g6d3fd91 (webtiles) character file.

912 mememachine the Chiller (level 8, 0/46 HPs)
             Began as an Octopode Ice Elementalist on Aug 22, 2017.
             Was a Follower of Vehumet.
             Slain by Pikel
             ... wielding a +2 whip of electrocution
              (17 damage)
             ... on level 5 of the Dungeon on Aug 23, 2017.
             The game lasted 00:20:14 (7816 turns).

mememachine the Chiller (Octopode Ice Elementalist) Turns: 7816, Time: 00:20:15

Health: 0/46       AC:  7    Str:  8    XL:     8   Next: 9%
Magic:  15/22      EV: 13    Int: 19    God:    Vehumet [*.....]
Gold:   182        SH:  0    Dex: 12    Spells: 0/14 levels left

rFire    . . .     SeeInvis .   g - +1 short sword
rCold    . . .     Gourm    .   (no shield)
rNeg     . . .     Faith    .   (helmet restricted)
rPois    +         Spirit   .   (no amulet)
rElec    .         Reflect  .   d - ring of poison resistance
rCorr    .         Harm     .   m - ring of magical power
MR       +....                  q - ring of protection from magic
Stlth    +++.......             (no ring)
HPRegen  0.15/turn              (no ring)
MPRegen  0.18/turn              (no ring)
                                (no ring)
                                (no ring)

@: icy armour, slow
A: almost no armour, stealthy swim, amphibious, 8 rings, constrict 8, camouflage
1, gelatinous body 1
a: Renounce Religion


You were on level 5 of the Dungeon.
You worshipped Vehumet.
Vehumet was aware of your devotion.
You were not hungry.

You visited 1 branch of the dungeon, and saw 6 of its levels.

You collected 182 gold pieces.

Inventory:

Hand Weapons
 g - a +1 short sword (weapon)
 y - a cursed +0 war axe
Missiles
 h - 277 stones (quivered)
Magical Staves
 F - an uncursed staff of power {unknown}
Jewellery
 c - an uncursed ring of poison resistance
 d - a ring of poison resistance (left tentacle)
 m - a ring of magical power (right tentacle)
 q - a ring of protection from magic (on tentacle)
 w - an uncursed ring of ice
 G - an uncursed amulet of harm {unknown}
Wands
 e - a wand of flame (15/48)
Scrolls
 j - a scroll of enchant weapon
 k - a scroll of teleportation {unknown}
 l - 2 scrolls of blinking
 o - a scroll of fear {unknown}
 p - a scroll of noise
 s - 2 scrolls of remove curse {unknown}
 u - a scroll of enchant armour {unknown}
 A - a scroll of magic mapping {unknown}
 B - a scroll of immolation {unknown}
Potions
 n - a potion of lignification
 t - 2 potions of flight
 x - a potion of resistance {unknown}
 z - a potion of magic {unknown}
 D - a potion of heal wounds {unknown}
Books
 a - a book of Frost

   Spells                             Type                      Level
   a - Freeze                         Ice                          1
   b - Throw Frost                    Conjuration/Ice              2
   c - Ozocubu's Armour               Charms/Ice                   3
   d - Throw Icicle                   Conjuration/Ice              4
   e - Summon Ice Beast               Ice/Summoning                4
Comestibles
 b - 3 bread rations
 r - 2 fruits
 C - a royal jelly
 H - a meat ration


   Skills:
 - Level 2.0 Dodging
 - Level 2.6 Stealth
 - Level 3.7 Spellcasting
 + Level 5.3 Conjurations
 + Level 6.9 Ice Magic


You couldn't memorise any spells.
You knew the following spells:

 Your Spells              Type           Power        Failure   Level  Hunger
a - Freeze                Ice            ####         1%          1    None
b - Ozocubu's Armour      Chrm/Ice       ###.....     10%         3    ###....
c - Throw Frost           Conj/Ice       ####..       1%          2    ##.....
d - Throw Icicle          Conj/Ice       ####....     11%         4    ####...
e - Summon Ice Beast      Ice/Summ       ###.....     32%         4    ####...


Dungeon Overview and Level Annotations

Branches:
Dungeon (6/15)             Temple (0/1) D:4

Altars:
Vehumet

Annotations:
D:5 Pikel; p0werm0de's ghost, amateur DgSk


Innate Abilities, Weirdness & Mutations

You cannot wear most types of armour.
You are very stealthy in the water. (Stealth+)
You are amphibious.
You can wear up to eight rings at the same time.
You can use your tentacles to constrict eight enemies at once.
Your skin changes colour to match your surroundings (Stealth+).
Your rubbery body absorbs attacks. (AC +1, EV +1)


Message History

That felt strangely unrewarding.
Casting: Freeze
Confirm with . or Enter, or press ? or * to list all spells.
Aiming: Freeze
Press: ? - help, Shift-Dir - straight line, f - Pikel
Aim: Pikel, wielding a whip of electrocution and wearing a robe You freeze Pikel.
Pikel is lightly wounded.
Pikel hits you with a whip of electrocution.
You are electrocuted!
Casting: Freeze
Confirm with . or Enter, or press ? or * to list all spells.
Aiming: Freeze
Press: ? - help, Shift-Dir - straight line, f/p - Pikel
Aim: Pikel, wielding a whip of electrocution and wearing a robe (lightly wounded)
You freeze Pikel.
Pikel is moderately wounded.
Pikel hits you with a whip of electrocution.
You are electrocuted!
You die...

.#.#.#.#.#.#.#.#.#'.......#.#.#
#.#.#.#.#.#.#.#.#.#.......#.#.#
.#.#.#.#.#.#.#.#.#'...........#
#.#.#.#.#.#.#.#.#)#.......#.#####
.#.#.#.#.#.#.#.#.#.#'##...#......
#.#.#.#.#.#.#.#.#.#.#.#.#.#######
.#.#.#.#.#.#.#[#.#.#.#...........
#.#.#.#.#.#.#>#K#.#.#.###########
.#.#.#.#.#.#[#)#@#>#.#......##
.......[......K########......#
###########.#### #......#
#####.##### ##......# #.........#
#.......#### #.........#
#.......#... #.........#
#.......##.#
#.........######.......##.#
#######.........'....#.......##.#


You could see Pikel.

Vanquished Creatures
  2 slaves (D:5)
  3 ogres (D:5)
  A scorpion (D:4)
  A crimson imp (D:5)
  A jelly (D:5)
  5 orc priests
  A bullfrog skeleton (D:5)
  5 orc wizards
  4 worker ants
  A howler monkey skeleton (D:4)
  3 adders (D:2)
  An adder zombie (D:5)
  4 dart slugs
  A worm (D:3)
  6 leopard geckos
  11 orcs
  2 ball pythons
  9 bats
  5 giant cockroaches
  7 goblins
  6 hobgoblins
  2 jackals (D:1)
  2 quokkas
  6 frilled lizards
  A jackal skeleton (D:4)
  8 kobolds
  2 leopard gecko skeletons (D:5)
  A leopard gecko zombie (D:5)
  8 rats
109 creatures vanquished.

Notes
Turn   | Place    | Note
-------+----------+-------------------------------------------
     0 | D:1      | mememachine the Octopode Ice Elementalist began the quest for the Orb.
     0 | D:1      | Reached XP level 1. HP: 11/11 MP: 3/3
   467 | D:1      | Reached XP level 2. HP: 17/17 MP: 5/5
  1614 | D:1      | Reached XP level 3. HP: 14/21 MP: 7/7
  1737 | D:1      | Learned a level 3 spell: Ozocubu's Armour
  2552 | D:2      | Found a radiant altar of Vehumet.
  2556 | D:2      | Reached XP level 4. HP: 23/27 MP: 8/8
  2565 | D:2      | Became a worshipper of Vehumet
  2905 | D:2      | Reached skill level 4 in Ice Magic
  3818 | D:3      | Reached * piety under Vehumet
  3818 | D:3      | Offered knowledge of Flame Tongue by Vehumet.
  4046 | D:4      | Learned a level 2 spell: Throw Frost
  4051 | D:4      | Learned a level 4 spell: Throw Icicle
  4121 | D:4      | Found a staircase to the Ecumenical Temple.
  4193 | D:4      | Reached XP level 5. HP: 31/31 MP: 7/10
  4539 | D:4      | Reached XP level 6. HP: 29/36 MP: 11/11
  4654 | D:4      | Upgraded the game from 0.21-a0-215-g0631661 to 0.21-a0-216-g6d3fd91
  4656 | D:4      | Found a radiant altar of Vehumet.
  4719 | D:4      | Reached skill level 5 in Ice Magic
  5013 | D:5      | Entered Level 5 of the Dungeon
  5599 | D:5      | Reached XP level 7. HP: 41/41 MP: 6/12
  5690 | D:5      | Noticed p0werm0de's ghost (amateur DgSk)
  6212 | D:5      | Reached skill level 6 in Ice Magic
  7223 | D:5      | Reached skill level 5 in Conjurations
  7346 | D:6      | Reached XP level 8. HP: 33/46 MP: 13/13
  7498 | D:6      | Noticed Pikel
  7499 | D:6      | Learned a level 4 spell: Summon Ice Beast
  7816 | D:5      | Slain by Pikel

Vault maps used:
D:1:      scummos_arrival_gate, minmay_distorted
D:2:      lemuel_coloured_pillars_altar
D:3:      lemuel_upstairs_altar, grunt_decor_arrowhead
D:4:      minmay_temple_entry_junction, first_bread, vehumet_altar_wand_db
D:5:      kennysheep_generic_room_14
D:6:      lemuel_crystal_altar, grunt_temple_overflow_open,
          nemelex_xobeh_ov_fountains_minmay, uniq_pikel

Skill      XL: |  1  2  3  4  5  6  7 |
---------------+----------------------+-----
Spellcasting   | 3 |  3.7
Ice Magic      | 4 5 6 |  6.9
Conjurations   | 2 3 5 |  5.3
Dodging        | |  2.0
Stealth        | |  2.6

Action                   |  1- 3 |  4- 6 |  7- 9 || total
-------------------------+-------+-------+-------++-------
Melee: Short sword       |    38 |    84 |    35 ||   157
       Tentacles         |    11 |    19 |     5 ||    35
       Constrict         |    13 |    25 |     7 ||    45
       Unarmed           |     1 |       |       ||     1
 Cast: Freeze            |    31 |    27 |    43 ||   101
       Ozocubu's Armour  |     4 |    27 |    13 ||    44
       Throw Frost       |       |    14 |       ||    14
       Throw Icicle      |       |     4 |     8 ||    12
       Summon Ice Beast  |       |       |     1 ||     1
Evoke: Wand              |       |       |     1 ||     1
  Use: Scroll            |       |     4 |     3 ||     7
       Potion            |       |     1 |     5 ||     6
 Stab: Sleeping          |     6 |     4 |       ||    10
  Eat: Chunk             |     6 |    10 |     6 ||    22
       Fruit             |       |     1 |       ||     1
       Royal jelly       |       |     1 |       ||     1
       Bread ration      |       |       |     1 ||     1
Armor: Skin              |     3 |    20 |    22 ||    45
Dodge: Dodged            |    34 |    68 |    39 ||   141

Table legend:
 A = Spawn XP
 B = Non-spawn XP
 C = Spawn XP percentage of total XP
 D = Spawn monster count
 E = Non-spawn monster count
 F = Spawn count percentage of total count
 G = Total turns spent on level
                    A         B        C        D         E        F      G
               +---------+---------+-------+---------+---------+-------+---------
         Total |     336 |     967 |  25.8 |      24 |      83 |  22.4 |  7816
               +---------+---------+-------+---------+---------+-------+---------
           D:1 |      16 |      23 |  41.0 |       9 |      16 |  36.0 |  1890
           D:2 |      20 |      56 |  26.3 |       5 |      18 |  21.7 |  1185
           D:3 |       5 |      39 |  11.4 |       2 |      17 |  10.5 |   921
           D:4 |      81 |     196 |  29.2 |       4 |      11 |  26.7 |  1121
           D:5 |     214 |     531 |  28.7 |       4 |      18 |  18.2 |  2558
           D:6 |       0 |     122 |   0.0 |       0 |       3 |   0.0 |   141
               +---------+---------+-------+---------+---------+-------+---------
